 Dungeon Crawl Stone Soup version 0.29.1-1-gd02db6906a (webtiles) character file.

Game seed: 15771911130828172909

52 safid the Shooter (level 3, -1/31 HPs)
             Began as a Minotaur Hunter on Oct 13, 2022.
             Slain by Sigmund
             ... wielding a +0 scythe
              (2 damage)
             ... on level 2 of the Dungeon.
             The game lasted 00:01:43 (1583 turns).

safid the Shooter (Minotaur Hunter)                 Turns: 1583, Time: 00:01:43

Health: -1/31      AC:  0    Str: 15    XL:     3   Next: 60%
Magic:  2/2        EV: 12    Int:  6    God:
Gold:   39         SH:  0    Dex: 15    Spells: 2/2 levels left

rFire   . . .      SeeInvis .   a - +0 shortbow
rCold   . . .      Faith    .   (shield currently unavailable)
rNeg    . . .      Spirit   .   (no body armour)
rPois   .          Reflect  .   (helmet restricted)
rElec   .          Harm     .   (no cloak)
rCorr   .          Rampage  .   (no gloves)
Will    .....                   (no boots)
Stlth   ++........              (no amulet)
HPRegen 0.10/turn               (no ring)
MPRegen 0.08/turn               (no ring)

@: no status effects
A: horns 2, retaliatory headbutt
a: no special abilities


You were on level 2 of the Dungeon.
You visited 1 branch of the dungeon, and saw 2 of its levels.

You collected 39 gold pieces.

Inventory:

Hand Weapons
 a - a +0 shortbow (weapon)
Armour
 c - a +0 leather armour
 j - a +3 ring mail
Scrolls
 b - a scroll of immolation
 d - a scroll of poison {unknown}
 e - 2 scrolls of identify {unknown}
 f - a scroll of amnesia {unknown}
 g - a scroll of vulnerability {unknown}
 h - 3 scrolls of magic mapping {unknown}
 i - a scroll of summoning {unknown}


   Skills:
 - Level 3.0 Fighting
 + Level 5.7 Ranged Weapons
 - Level 2.1 Dodging
 - Level 0.7 Stealth


You had 2 spell levels left.
You didn't know any spells.
Your spell library was empty.

Dungeon Overview and Level Annotations

Branches:
Dungeon (2/15)

Altars:

Annotations:
D:2 Sigmund


Innate Abilities, Weirdness & Mutations

You have a pair of horns on your head.
You reflexively headbutt those who attack you in melee.


Message History

You shoot an arrow. The arrow hits Natasha.
Natasha is almost dead.
Something hits you.
Natasha casts a spell.
You are too injured to fight recklessly!
Fire: a) +0 shortbow
Press: ? - help, Q - select action Shift-Dir - straight line, f/p - Natasha
Aim: Natasha (almost dead, 55% to hit)
You shoot an arrow. The arrow hits Natasha.
Natasha is almost dead.
Natasha claws you. Something hits you.
Unknown command.
Fire: a) +0 shortbow
Press: ? - help, Q - select action Shift-Dir - straight line, f/p - Natasha
Aim: Natasha (almost dead, 55% to hit)
You shoot an arrow. The arrow barely misses Natasha.
Natasha completely misses you. You furiously retaliate!
You headbutt Natasha, but do no damage.
The crimson imp blinks!
The shadow imp hits you.
* * * LOW HITPOINT WARNING * * *
Something barely misses you. Natasha barely misses you.
Unknown command.
Fire: a) +0 shortbow
Press: ? - help, Q - select action Shift-Dir - straight line, f/p - Natasha
Aim: Natasha (almost dead, 55% to hit)
You shoot an arrow. The arrow closely misses Natasha.
The shadow imp barely misses you. Natasha casts a spell at you.
The magic dart hits you.
* * * LOW HITPOINT WARNING * * *
Unknown command.
Fire: a) +0 shortbow
Press: ? - help, Q - select action Shift-Dir - straight line, f/p - Natasha
Aim: Natasha (almost dead, 55% to hit)
You shoot an arrow. The arrow hits Natasha.
You kill Natasha!
Natasha screams in fury as she dies!
The shadow imp disappears in a puff of smoke!
Something hits you.
You die...

.. #...>.. .######
..# ......#
....#..
...##.....#
....... ..........
....... ...#...#
....... #.###.##
.......
##..<#..##.$.....
#......{.@ยง......
#..####...........
....# #.#####.....
...... #.. ....
.<... ###. ...
..... #. .. ...@
.. . .... ..


There were no monsters in sight!

Vanquished Creatures
  Natasha (D:2)
  An adder (D:2)
  2 dart slugs (D:1)
  5 ball pythons
  9 bats
  3 endoplasms (D:1)
  2 giant cockroaches
  2 hobgoblins (D:1)
  4 jackals (D:1)
  2 quokkas (D:1)
  A frilled lizard (D:1)
  2 goblins (D:1)
  A rat (D:1)
35 creatures vanquished.

Notes
Turn   | Place    | Note
-------+----------+-------------------------------------------
     0 | D:1      | safid the Minotaur Hunter began the quest for the Orb.
     0 | D:1      | Reached XP level 1. HP: 18/18 MP: 0/0
   119 | D:1      | Reached XP level 2. HP: 25/25 MP: 1/1
   226 | D:1      | Found a faded altar of an unknown god.
   545 | D:1      | Reached skill level 5 in Ranged Weapons
   718 | D:1      | Reached XP level 3. HP: 31/31 MP: 2/2
  1315 | D:2      | Noticed Sigmund
  1570 | D:2      | Noticed Natasha
  1582 | D:2      | HP: 1/31 [Natasha/magic dart (6)]
  1583 | D:2      | Killed Natasha
  1583 | D:2      | Slain by Sigmund

Illustrated notes

Levels and vault maps discovered:
D:1:      sevenhm_arrival_forest_fort_large_4, layout_basic,
          shapermc_ecumenical_altar_petra
D:2:      layout_rooms, kennysheep_jessica_study, uniq_sigmund, uniq_jessica,
          uniq_natasha

Skill      XL: |  1  2 |
---------------+-------+-----
Fighting       | 3 |  3.0
Ranged Weapons | 5 |  5.7
Dodging        | |  2.1
Stealth        | |  0.7

Action                   || total
-------------------------++-------
 Fire: Shortbow          ||   101
Armor: Leather armour    ||    14
Dodge: Dodged            ||    34
